 Dungeon Crawl Stone Soup version 0.20.1-1-g8b1a95d (webtiles) character file.

3365 polve the Spear-Bearer (level 10, -2/67 HPs)
             Began as a Merfolk Skald on July 17, 2017.
             Slain by a sky beast (3 damage)
             ... on level 7 of the Dungeon.
             The game lasted 00:10:41 (9830 turns).

polve the Spear-Bearer (Merfolk Skald)              Turns: 9830, Time: 00:10:42

Health: -2/67      AC:  7    Str: 11    XL:     10   Next: 3%
Magic:  18/18      EV: 13    Int: 15    God:
Gold:   271        SH:  3    Dex: 15    Spells: 13/19 levels left

rFire    . . .     SeeInvis .   w - +0 halberd
rCold    + . .     Gourm    .   (shield currently unavailable)
rNeg     . . .     Faith    .   C - +3 leather armour
rPois    .         Spirit   .   (no helmet)
rElec    .         Reflect  +   (no cloak)
rCorr    .         Harm     .   (no gloves)
MR       .....                  s - +0 pair of boots
Stlth    +.........             l - +3 amulet of reflection
Regen    0.3/turn               t - +1 ring of evasion
MPRegen  0.2/turn               G - ring of protection from cold

@: hasted, very quick
A: change form in water, swift swim, stealthy swim
a: no special abilities


You were on level 7 of the Dungeon.
You were hungry.

You visited 1 branch of the dungeon, and saw 7 of its levels.

You collected 271 gold pieces.

Inventory:

Hand Weapons
 a - a +0 spear
 w - a +0 halberd (weapon)
Armour
 s - a +0 pair of boots (worn)
 C - a +3 leather armour (worn)
Jewellery
 l - a +3 amulet of reflection (around neck)
 t - a +1 ring of evasion (left hand)
 G - a ring of protection from cold (right hand)
 J - an uncursed amulet of regeneration {unknown}
Wands
 m - a wand of acid (1/15)
 y - a wand of polymorph (10/24)
 D - a wand of iceblast (7/15)
 I - a wand of confusion (32/48)
Scrolls
 e - 3 scrolls of random uselessness {unknown}
 f - 3 scrolls of teleportation {unknown}
 h - 4 scrolls of identify {unknown}
 i - 7 scrolls of remove curse {unknown}
 j - 2 scrolls of fog {unknown}
 n - 4 scrolls of enchant armour {unknown}
 o - 4 scrolls of fear {unknown}
 r - a scroll of magic mapping {unknown}
 v - a scroll of blinking {unknown}
 x - a scroll of recharging {unknown}
 E - 2 scrolls of enchant weapon {unknown}
 M - 2 scrolls of amnesia {unknown}
Potions
 b - a potion of degeneration {unknown}
 g - 2 potions of heal wounds {unknown}
 k - 3 potions of haste
 p - 2 potions of might
 q - 3 potions of curing {unknown}
 u - 2 potions of agility {unknown}
 z - 2 potions of mutation {unknown}
 B - 2 potions of berserk rage {unknown}
 F - a potion of cancellation {unknown}
 H - 4 potions of magic {unknown}
Books
 c - a book of Battle

   Spells                             Type                      Level
   a - Infusion                       Charms                       1
   b - Shroud of Golubria             Charms/Translocation         2
   c - Song of Slaying                Charms                       2
   d - Spectral Weapon                Hexes/Charms                 3
   e - Regeneration                   Charms/Necromancy            3
 L - a book of Necromancy

   Spells                             Type                      Level
   a - Pain                           Necromancy                   1
   b - Animate Skeleton               Necromancy                   1
   c - Vampiric Draining              Necromancy                   3
   d - Regeneration                   Charms/Necromancy            3
   e - Animate Dead                   Necromancy                   4
   f - Control Undead                 Necromancy                   4
Comestibles
 d - 10 bread rations
 A - 2 royal jellies
 K - 2 fruits


   Skills:
 - Level 2.1 Fighting
 + Level 12.0 Polearms
 - Level 0.6 Armour
 - Level 2.6 Dodging
 * Level 5.4 Spellcasting
 - Level 6.0 Hexes
 - Level 8.0 Charms
 - Level 2.0 Translocations


You had 13 spell levels left.
You knew the following spells:

 Your Spells              Type           Power        Failure   Level  Hunger
a - Infusion              Chrm           ####         1%          1    None
b - Shroud of Golubria    Chrm/Tloc      ###.......   3%          2    #......
c - Spectral Weapon       Hex/Chrm       ####....     3%          3    ###....


Dungeon Overview and Level Annotations

Branches:
Dungeon (7/15)             Temple (0/1) D:7

Altars:
Qazlal

Annotations:
D:7 Dowan, Duvessa


Message History

The centaur shoots an arrow.
You reflect the arrow off an invisible shield around you!
The arrow hits the centaur.
Found 4 fruits.
The centaur shoots an arrow.
The arrow hits you but does no damage.
You see here an arrow.
The centaur shoots an arrow.
The arrow hits you!
* * * LOW HITPOINT WARNING * * *
The sky beast flickers out of sight!
Deactivating autopickup; reactivate with Ctrl-A.
You see here an arrow.
The centaur shoots an arrow.
The arrow hits you!
* * * LOW HITPOINT WARNING * * *
There is an open door, spattered with blood here.
You see here an arrow.
You feel yourself speed up. You block something's attack.
The centaur shoots an arrow.
The arrow hits you.
* * * LOW HITPOINT WARNING * * *
Something hits you.
You die...

#..##..##.(##e..#..# ..
##'##..##..##..##..# ...
.......#...##ce# ..##...
.......#.......#......
PPP....#......(#.....
P>.....'...##.c##..#
P.PP...#...##.(##'## ##'##...
.......######..(...##...##...# ..
†......##..##..#@..#.........#...
...........'...#...#.....(...#...
...........##..##..#.........##..
##############.##..##........##..
.........##..##......(.....
##.8###.8##.......(.(......
############........((((...(
..........##............##..
≈≈≈≈≈≈≈≈≈≈≈#............##..


You could see a centaur.

Vanquished Creatures
  Pikel (D:7)
  A hornet (D:7)
  Eustachio (D:6)
  A water moccasin (D:5)
  3 ice beasts
  2 slaves (D:7)
  An orc warrior (D:6)
  3 phantoms
  An ogre (D:4)
  3 sky beasts
  4 centaurs
  Blork the orc (D:6)
  3 bullfrogs (D:7)
  A wyvern skeleton (D:7)
  A scorpion (D:5)
  A killer bee (D:7)
  2 crimson imps
  2 jellies (D:5)
  A hound (D:7)
  2 orc priests
  An orc wizard (D:4)
  An iguana (D:3)
  10 worker ants
  2 hound zombies
  A hound skeleton (D:4)
  A howler monkey skeleton (D:4)
  4 gnolls
  12 adders
  A shadow imp (D:7)
  An adder zombie (D:6)
  An adder skeleton (D:6)
  3 worms
  2 dart slugs
  4 leopard geckos
  8 orcs
  4 ball pythons
  6 bats
  2 giant cockroaches
  9 goblins
  3 hobgoblins (D:2)
  3 jackals (D:1)
  15 kobolds
  7 quokkas
  8 frilled lizards
  A giant cockroach zombie (D:5)
  A quokka zombie (D:6)
  6 rats
152 creatures vanquished.

Vanquished Creatures (others)
  A slave (D:7)
  An adder (D:7)
  A spectral weapon (D:3)
3 creatures vanquished.

Grand Total: 155 creatures vanquished

Notes
Turn   | Place    | Note
-------+----------+-------------------------------------------
     0 | D:1      | polve the Merfolk Skald began the quest for the Orb.
     0 | D:1      | Reached XP level 1. HP: 16/16 MP: 3/3
   204 | D:1      | Reached XP level 2. HP: 19/22 MP: 0/5
   230 | D:1      | Learned a level 2 spell: Shroud of Golubria
   964 | D:1      | Reached skill level 1 in Translocations
   964 | D:1      | Reached XP level 3. HP: 22/27 MP: 0/6
  1081 | D:1      | Learned a level 3 spell: Spectral Weapon
  1822 | D:2      | Reached XP level 4. HP: 32/33 MP: 1/7
  1992 | D:2      | Reached skill level 1 in Hexes
  2669 | D:2      | Reached skill level 4 in Polearms
  2979 | D:3      | Reached XP level 5. HP: 35/38 MP: 8/8
  3612 | D:3      | Reached skill level 5 in Polearms
  4310 | D:4      | Reached XP level 6. HP: 37/44 MP: 9/9
  4478 | D:4      | Reached skill level 6 in Polearms
  4999 | D:4      | Found a stormy altar of Qazlal.
  5020 | D:4      | Reached XP level 7. HP: 28/50 MP: 7/10
  5286 | D:5      | Entered Level 5 of the Dungeon
  5359 | D:5      | Reached skill level 7 in Polearms
  5523 | D:5      | Reached skill level 5 in Charms
  5704 | D:5      | Reached skill level 8 in Polearms
  5951 | D:5      | Reached XP level 8. HP: 29/56 MP: 7/11
  6398 | D:5      | Reached skill level 9 in Polearms
  6650 | D:6      | Noticed Eustachio
  6695 | D:6      | Killed Eustachio
  6806 | D:6      | Reached skill level 10 in Polearms
  6806 | D:6      | Reached skill level 5 in Hexes
  7669 | D:6      | Reached XP level 9. HP: 41/61 MP: 12/12
  7776 | D:6      | Noticed Blork the orc
  7781 | D:6      | Killed Blork the orc
  8178 | D:7      | Reached skill level 11 in Polearms
  8251 | D:7      | Noticed a hornet
  8253 | D:7      | Paralysed by a hornet for 1 turns
  8257 | D:7      | Killed a hornet
  8755 | D:7      | HP: 3/61 [electric eel/bolt of electricity (11)]
  9105 | D:7      | Noticed Pikel
  9144 | D:7      | Killed Pikel
  9417 | D:7      | Reached skill level 5 in Spellcasting
  9435 | D:7      | Reached skill level 12 in Polearms
  9527 | D:7      | Reached XP level 10. HP: 51/67 MP: 17/17
  9679 | D:7      | Found a staircase to the Ecumenical Temple.
  9819 | D:7      | Noticed Duvessa
  9819 | D:7      | Noticed Dowan
  9830 | D:7      | HP: 1/67 [centaur/arrow (3)]
  9830 | D:7      | Slain by a sky beast

Skill      XL: |  1  2  3  4  5  6  7  8  9 |
---------------+----------------------------+-----
Charms         | 4 5 6 8 |  8.0
Translocations | 1 2 |  2.0
Hexes          | 1 2 4 5 6 |  6.0
Polearms       | 4 5 6 8 10 12 | 12.0
Spellcasting   | 5 |  5.4
Fighting       | |  2.1
Armour         | |  0.6
Dodging        | |  2.6

Action                   |  1- 3 |  4- 6 |  7- 9 | 10-12 || total
-------------------------+-------+-------+-------+-------++-------
Melee: Spear             |   128 |    98 |       |       ||   226
       Halberd           |       |   108 |   269 |    13 ||   390
 Cast: Infusion          |    15 |    18 |    15 |       ||    48
       Spectral Weapon   |       |     4 |    16 |     1 ||    21
       Shroud of Golubri |       |     1 |     1 |       ||     2
  Use: Potion            |       |     1 |       |     1 ||     2
 Stab: Sleeping          |       |     2 |     1 |       ||     3
       Distracted        |       |       |     1 |       ||     1
  Eat: Chunk             |     3 |    11 |     9 |     2 ||    25
       Fruit             |       |       |     2 |       ||     2
       Meat ration       |       |       |     1 |       ||     1
Armor: Leather armour    |    27 |    30 |    73 |     7 ||   137
Dodge: Dodged            |    86 |   106 |   139 |    10 ||   341
Block: Other             |       |    18 |    19 |     2 ||    39
       Reflection        |       |       |     2 |     1 ||     3
